[Event "ICC tourney 1953 (60 10)"]
[Site "Internet Chess Club"]
[Date "2020.08.07"]
[Round "3"]
[White "babadroga92"]
[Black "Falstaf"]
[Result "0-1"]
[ICCResult "White resigns"]
[WhiteElo "2258"]
[BlackElo "2684"]
[Opening "Sicilian: Richter-Rauzer, Rauzer attack, 7...a6"]
[ECO "B66"]
[NIC "SI.29"]
[Time "18:31:44"]
[TimeControl "3600+10"]

1. e4 c5 2. Nf3 d6 3. d4 cxd4 4. Nxd4 Nf6 5. Nc3 Nc6 6. Bg5 e6 7. Qd2 a6 8.
O-O-O Be7 9. Kb1 Bd7 10. f3 Nxd4 11. Qxd4 Qc7 12. h4 b5 13. h5 h6 14. Bh4
Rb8 15. g4 b4 16. Ne2 O-O 17. g5 hxg5 18. Bxg5 Rfc8 19. Rc1 Qc5 20. Be3 Qxd4
21. Nxd4 a5 22. Bd3 a4 23. Rcg1 Rc5 24. Bh6 Ne8 25. Be3 Nf6 26. Bh6 Nxh5 27.
Nf5 exf5 28. Rxh5 Bf6 29. Be3 fxe4 30. Bxc5 exd3 31. Bxd6 dxc2+ 32. Kxc2 b3+
33. axb3 Rxb3 34. Be5 Bxe5 35. Rxe5 Rxf3 36. Rg2 g6 37. Kd2 Rb3 38. Ke1 Rb4
39. Ra5 Be6 40. Rc5 Kg7 41. Ra5 Re4+ 42. Kf2 Kf6 43. Kg1 Bb3 44. Rf2+ Kg7
45. Rg2 Be6 46. Kh2 f5 47. Ra8 f4 48. Ra7+ Kf6 49. Ra6 g5 50. Rd2 g4 51. Kg2
Kg5 52. Ra8 g3 53. Kf3 Re5 54. Rxa4 Bd5+ 55. Rxd5 Rxd5 {White resigns} 0-1

[Event "ICC tourney 1953 (60 10)"]
[Site "Internet Chess Club"]
[Date "2020.08.07"]
[Round "3"]
[White "Volkov"]
[Black "Mookmookarmy"]
[Result "0-1"]
[ICCResult "White forfeits on time"]
[WhiteElo "2612"]
[BlackElo "2353"]
[Opening "King's Indian: Gligoric-Taimanov system"]
[ECO "E92"]
[NIC "KI.18"]
[Time "18:31:44"]
[TimeControl "3600+10"]

1. d4 Nf6 2. c4 g6 3. Nc3 Bg7 4. e4 d6 5. Be2 O-O 6. Nf3 e5 7. Be3 Ng4 8.
Bg5 f6 9. Bh4 Nc6 10. d5 Ne7 11. Nd2 Nh6 12. f3 c5 13. g4 Nf7 14. Bd3 Bd7
15. Qc2 a6 16. a4 b6 17. O-O-O Qc7 18. Kb1 Qa7 19. b3 Rfb8 20. Kb2 Ng5 21.
h3 Bh6 22. Bf2 Nf7 23. h4 Bf4 24. Ra1 Qc7 25. Ndb1 Kg7 26. Na3 Rh8 27. Ne2
Bh6 28. Rag1 Rab8 29. Rg2 Rbf8 30. Rhg1 Qd8 31. Qc3 Qe8 32. Bc2 b5 33. cxb5
axb5 34. axb5 Bxb5 35. Bd3 Bxd3 36. Qxd3 Qd8 37. Nc4 Nc8 38. Ra1 Nb6 39.
Rgg1 Nxc4+ 40. Qxc4 Qc7 41. Ra4 Rb8 42. Rga1 Rb7 43. Kc2 Rhb8 44. R1a3 Qd7
45. Be1 Be3 46. Ra8 Qd8 47. Rxb8 Qxb8 48. Ra6 Bd4 49. Qa4 Qd8 50. Ra8 Rb8
51. Rxb8 Qxb8 52. Qa6 Qh8 53. Ng3 Qb8 54. Nf1 Qc7 55. Nd2 Qd7 56. Nc4 f5 57.
Qc6 Qa7 58. Ba5 fxe4 59. fxe4 Qe7 60. g5 Bf2 61. Qc7 Kf8 62. Qc8+ Kg7 63.
Qe6 Kf8 64. Qg4 Kg7 65. Bd2 Qa7 66. Ba5 Qe7 67. Qh3 Qf8 68. Kd1 Qb8 69. Kc2
Qf8 70. Bc3 Qe7 71. Bd2 Qa7 72. Ba5 Qe7 73. Kd1 Qb7 74. Ke2 Bxh4 75. Bd2
Bxg5 76. Nxd6 Qa6+ 77. Nc4 Bxd2 78. Kxd2 Qa2+ 79. Kc1 h5 80. Qc3 Qh2 81. d6
Qh1+ 82. Kb2 Qxe4 83. d7 Qd5 84. Nb6 Qd6 85. Nc4 Qxd7 86. Nxe5 Qd4 87. Nd3
Qxc3+ 88. Kxc3 h4 89. Nxc5 Kf6 90. Kd4 h3 91. Ne4+ Kf5 92. Ke3 h2 93. Ng3+
Kg4 94. Kf2 Kh3 95. b4 Nd6 96. Nh1 g5 97. Kf3 g4+ 98. Kf2 Ne4+ 99. Ke3 g3
100. b5 g2 101. b6 gxh1=Q {White forfeits on time} 0-1

[Event "ICC tourney 1953 (60 10)"]
[Site "Internet Chess Club"]
[Date "2020.08.07"]
[Round "3"]
[White "savchess06"]
[Black "PawnEatingZombi"]
[Result "0-1"]
[ICCResult "White resigns"]
[WhiteElo "2076"]
[BlackElo "2222"]
[Opening "Caro-Kann: classical, Spassky variation"]
[ECO "B18"]
[NIC "CK.12"]
[Time "18:31:13"]
[TimeControl "3600+10"]

1. e4 c6 2. d4 d5 3. Nc3 dxe4 4. Nxe4 Bf5 5. Ng3 Bg6 6. Nf3 Nd7 7. h4 h6 8.
h5 Bh7 9. Bd3 Bxd3 10. Qxd3 e6 11. Bd2 Ngf6 12. O-O-O Be7 13. Kb1 Qb6 14.
Qb3 O-O 15. Qxb6 axb6 16. Rhe1 Rfe8 17. Bc1 b5 18. Ne5 Nb6 19. f3 b4 20. c4
bxc3 21. bxc3 Ra6 22. Re2 Nbd5 23. Rc2 Rea8 24. Bd2 b5 25. Nd3 Nb6 26. Ne5
Bd6 27. Bc1 Nc4 28. Re1 Bc7 29. f4 Nd6 30. Ree2 Nd5 31. Rf2 f6 32. Nd3 Bb6
33. Rfe2 Kf7 34. Nf1 Nc4 35. Ng3 Na3+ 36. Bxa3 Rxa3 37. Ne4 Bc7 38. Nb4 Bxf4
39. Nxd5 exd5 40. Nc5 Bd6 41. Nd3 R3a7 42. g4 Re7 43. Rxe7+ Kxe7 44. Nb4
Bxb4 45. cxb4 Kd7 46. Kb2 Re8 47. Rg2 Re3 48. Kc2 Ra3 49. Kb2 Rd3 50. Kc2
Rxd4 51. Kc3 Re4 52. a3 Kd6 53. Kd3 Re1 54. Rg3 Ke5 55. Kd2 Re4 56. Kd3 Kf4
57. Rg1 Ke5 58. Rg2 d4 59. Rc2 Re3+ 60. Kd2 Kd5 61. Rc5+ Kd6 62. Rc2 Rxa3
63. Rb2 Rg3 64. Rb1 Kd5 65. Rc1 Rxg4 {White resigns} 0-1

[Event "ICC tourney 1953 (60 10)"]
[Site "Internet Chess Club"]
[Date "2020.08.07"]
[Round "3"]
[White "goodFriday"]
[Black "PrudentPatzer"]
[Result "0-1"]
[ICCResult "White resigns"]
[WhiteElo "2219"]
[BlackElo "2214"]
[Opening "Ruy Lopez: Berlin defense, open variation"]
[ECO "C67"]
[NIC "RL.07"]
[Time "18:31:10"]
[TimeControl "3600+10"]

1. e4 e5 2. Nf3 Nc6 3. Bb5 Nf6 4. O-O Nxe4 5. d4 Nd6 6. Bxc6 dxc6 7. dxe5
Nf5 8. Qxd8+ Kxd8 9. Nc3 Be7 10. Ne4 a5 11. a4 b6 12. b3 Ke8 13. Bb2 h5 14.
g3 Bb7 15. Nfd2 Rd8 16. f4 Ne3 17. Rfc1 h4 18. c4 Bb4 19. Bc3 hxg3 20. hxg3
c5 21. Ra2 Rd3 22. Bxb4 axb4 23. a5 bxa5 24. Re1 Ng4 25. Re2 Rc3 26. Rxa5
Rc1+ 27. Nf1 Nh2 28. Rxh2 Rxh2 29. Kxh2 Bxe4 30. Kg1 Bd3 31. Rxc5 Rxf1+ 32.
Kg2 Rb1 33. Rxc7 Rxb3 34. c5 Rc3 35. Kf2 b3 36. Rb7 Bc2 {White resigns} 0-1

[Event "ICC tourney 1953 (60 10)"]
[Site "Internet Chess Club"]
[Date "2020.08.07"]
[Round "3"]
[White "erickzhao"]
[Black "musk6868"]
[Result "1-0"]
[ICCResult "Black resigns"]
[WhiteElo "2276"]
[BlackElo "2018"]
[Opening "Sicilian: Nimzovich-Rossolimo attack (without ...d6)"]
[ECO "B30"]
[NIC "SI.31"]
[Time "18:31:08"]
[TimeControl "3600+10"]

1. e4 c5 2. Nf3 Nc6 3. Bb5 e6 4. O-O Nge7 5. c3 a6 6. Ba4 b5 7. Bc2 d5 8. d4
cxd4 9. cxd4 dxe4 10. Bxe4 Nd5 11. Bg5 Be7 12. Bxe7 Ncxe7 13. Nbd2 O-O 14.
Nb3 Ra7 15. Rc1 Nf6 16. Bb1 Bb7 17. Ne5 Be4 18. Bxe4 Nxe4 19. Qd3 Nf6 20.
Nc5 Qd5 21. a3 Ng6 22. Nf3 Rd8 23. Rfd1 h6 24. b4 Raa8 25. Qb3 Qf5 26. Qc2
Qh5 27. Ne4 Nd5 28. Ng3 Qg4 29. h3 Qf4 30. Nh5 Qd6 31. Ng3 Nf6 32. Qc5 Nf4
33. Ne5 N6d5 34. Rd2 Rac8 35. Qxc8 Rxc8 36. Rxc8+ Kh7 37. Rh8+ Kxh8 38.
Nxf7+ Kg8 39. Nxd6 Kf8 40. Nge4 Ke7 41. g3 Nxh3+ 42. Kg2 Ng5 43. Nxg5 Kxd6
44. Ne4+ Ke7 45. Nc5 {Black resigns} 1-0

[Event "ICC tourney 1953 (60 10)"]
[Site "Internet Chess Club"]
[Date "2020.08.07"]
[Round "3"]
[White "Venom2020"]
[Black "nithin"]
[Result "1/2-1/2"]
[ICCResult "Game drawn by mutual agreement"]
[WhiteElo "2118"]
[BlackElo "2272"]
[Opening "Sicilian: Najdorf, Lipnitzky attack"]
[ECO "B86"]
[NIC "SI.13"]
[Time "18:31:00"]
[TimeControl "3600+10"]

1. e4 c5 2. Nf3 d6 3. d4 cxd4 4. Nxd4 Nf6 5. Nc3 a6 6. Bc4 e6 7. Bb3 Nc6 8.
Be3 Be7 9. O-O O-O 10. h3 Nxd4 11. Bxd4 b5 12. a3 Bb7 13. Qd3 a5 14. Bxf6
Bxf6 15. Nxb5 a4 16. Ba2 Ba6 17. c4 Rb8 18. Rfd1 Bxb2 19. Rab1 Be5 20. Rb4
Qh4 21. Nd4 Bb7 22. Nf3 Qf4 23. Nxe5 Qxe5 24. f3 Rfd8 25. Rdb1 Qc5+ 26. Kh1
Qc6 27. Qd1 Qc7 28. Qxa4 Bc6 29. Qc2 Ra8 30. Qd3 g6 31. R1b3 d5 32. exd5
exd5 33. c5 Re8 34. Rb1 Qg3 35. Rf1 Bd7 36. Qxd5 Be6 37. Qd2 Rad8 38. Qb2
Bxh3 39. gxh3 Qxh3+ 40. Kg1 Qg3+ 41. Qg2 Qxg2+ 42. Kxg2 Re2+ 43. Rf2 Rdd2
44. Rxe2 Rxe2+ 45. Kg3 Rxa2 46. a4 Kf8 47. Rc4 Ke7 48. c6 Kd8 49. c7+ Kc8
50. Kh4 Rd2 51. Kg5 h5 52. a5 Rd5+ 53. Kf6 {Game drawn by mutual agreement}
1/2-1/2

[Event "ICC tourney 1953 (60 10)"]
[Site "Internet Chess Club"]
[Date "2020.08.07"]
[Round "3"]
[White "binomialfactor"]
[Black "rychessmaster1"]
[Result "0-1"]
[ICCResult "White resigns"]
[WhiteElo "2124"]
[BlackElo "2158"]
[Opening "Nimzo-Indian: Fischer variation, 5.Ne2"]
[ECO "E44"]
[NIC "NI.13"]
[Time "18:30:56"]
[TimeControl "3600+10"]

1. d4 Nf6 2. c4 e6 3. Nc3 Bb4 4. e3 b6 5. Ne2 Bb7 6. a3 Bd6 7. Ng3 h5 8. d5
Be5 9. Nge4 Na6 10. Be2 Nxe4 11. Nxe4 Qh4 12. Bf3 O-O-O 13. Rb1 f5 14. Nd2
exd5 15. cxd5 Rde8 16. g3 Qf6 17. Nc4 f4 18. Nxe5 Rxe5 19. O-O fxg3 20. fxg3
h4 21. e4 hxg3 22. hxg3 g5 23. Be3 Bxd5 24. Bd4 Bb7 25. Bg2 Qd6 26. Bxe5
Qxe5 27. Qf3 Re8 28. Qf5 Qxg3 29. Rbd1 Nc5 30. Rf3 Qh4 31. Qf7 Qxe4 32. b4
Qe2 33. Bf1 Qe6 34. bxc5 Bxf3 35. Qxf3 Qe3+ 36. Qxe3 Rxe3 37. Ba6+ Kd8 38.
c6 d6 39. Rd3 Rxd3 40. Bxd3 Ke7 41. Kf2 d5 42. Kf3 Kd6 43. Bb5 d4 44. Kg4 a6
45. Bxa6 Kxc6 46. Kxg5 Kd5 47. Kf4 c5 48. Kf3 c4 49. Ke2 d3+ 50. Ke3 Kc5 51.
Bc8 b5 52. Kd2 Kd4 53. Be6 c3+ 54. Kd1 Ke3 55. Bd7 c2+ 56. Kc1 Kd4 57. Kd2
Kc4 58. Be6+ Kc5 59. Bf5 b4 60. a4 b3 61. Bxd3 Kb4 62. Bb5 Ka5 63. Kc1 Kb4
64. Kb2 Ka5 65. Be8 Kb4 66. Bd7 Ka5 67. Kc1 Kb4 68. Kd2 Ka3 69. Kc1 b2+ 70.
Kxc2 Ka2 71. Be6+ Ka1 72. Bb3 b1=Q+ 73. Kc3 Qe1+ 74. Kc2 Qb4 75. a5 Qc5+ 76.
Kd3 Qxa5 77. Kc2 Qc5+ 78. Kd3 Kb2 79. Bc4 Qd6+ {White resigns} 0-1

[Event "ICC tourney 1953 (60 10)"]
[Site "Internet Chess Club"]
[Date "2020.08.07"]
[Round "3"]
[White "jy2020"]
[Black "speedskater"]
[Result "0-1"]
[ICCResult "White resigns"]
[WhiteElo "2239"]
[BlackElo "2647"]
[Opening "French: Winawer, advance, positional main line"]
[ECO "C19"]
[NIC "FR.12"]
[Time "18:33:24"]
[TimeControl "3600+10"]

1. e4 e6 2. d4 d5 3. Nc3 Bb4 4. e5 Ne7 5. a3 Bxc3+ 6. bxc3 c5 7. Nf3 b6 8.
Bb5+ Bd7 9. Bd3 Ba4 10. O-O Nbc6 11. Be3 c4 12. Be2 h6 13. Ne1 Kd7 14. f4
Qg8 15. Nf3 Qh7 16. Ra2 Raf8 17. Qd2 f6 18. Bd1 Kc8 19. Ra1 Kb7 20. Rc1 Rf7
21. Be2 Rhf8 22. Kh1 Qe4 23. Rfe1 Ng6 24. Bf1 h5 25. Be2 h4 26. h3 Qf5 27.
Rf1 Rh8 28. Nh2 Nf8 29. Bg4 Qh7 30. Rf2 Ne7 31. Rcf1 Nf5 32. Bxf5 Qxf5 33.
Ng4 Ng6 34. Qe2 Ne7 35. Bc1 Qe4 36. Qxe4 dxe4 37. Ne3 Rc8 38. Kg1 f5 39. Bd2
Rff8 40. Be1 Rh8 41. Bd2 Kc6 42. Rb1 Bb5 43. Bc1 Rcd8 44. Bd2 Ba6 45. Rb4
Nd5 46. Nxd5 Rxd5 47. Bc1 Bb5 48. Be3 a5 49. Rb2 Ba4 50. Rf1 Rh6 51. Bf2 b5
52. Be3 Rd8 53. Re1 Kd5 54. Re2 Rg8 55. Rb1 Rg6 56. Bf2 Rh6 57. Be3 Rh5 58.
Rf2 g6 59. Rb2 g5 60. fxg5 Rhxg5 61. Rb1 Rg3 62. Re1 Rxh3 63. Ree2 Rhg3 64.
Kh2 Bxc2 65. Re1 Bd3 66. Rb2 Kc6 67. Rf2 Kd5 68. Rb2 Kc6 69. Rf2 R3g4 70.
Bf4 Kd5 71. Be3 Rb8 72. Ra1 Rg3 73. Bf4 Rg4 74. Be3 Rf8 75. Bf4 Rb8 76. Be3
Kc6 77. Bf4 Rg7 78. Rb2 e3 79. Bxe3 Be4 80. Bf4 Rg4 81. Rf1 Rbg8 82. Rff2
Rg3 83. a4 bxa4 84. Ra2 Rxc3 85. Rxa4 Ra8 86. Rb2 Bd5 87. Bd2 Rb3 88. Rc2
Kb5 89. Ra1 a4 90. Bc3 Rg8 91. Raa2 Rg3 92. Be1 Rg4 93. Bc3 a3 94. Rc1 Rg3
95. Be1 Rgd3 96. Bxh4 Rb2 97. Rca1 Rdd2 {White resigns} 0-1

[Event "ICC tourney 1953 (60 10)"]
[Site "Internet Chess Club"]
[Date "2020.08.08"]
[Round "4"]
[White "InfernoKing"]
[Black "GolddenPig"]
[Result "1-0"]
[ICCResult "Black resigns"]
[WhiteElo "2140"]
[BlackElo "1822"]
[Opening "Bishop's opening: Berlin defense"]
[ECO "C24"]
[NIC "IG.04"]
[Time "12:07:22"]
[TimeControl "3600+10"]

1. e4 e5 2. Bc4 Nf6 3. d3 Be7 4. Nf3 Nc6 5. O-O O-O 6. h3 d5 7. exd5 Nxd5 8.
Re1 f6 9. Nc3 Be6 10. d4 Qd7 11. dxe5 Nxc3 12. Qxd7 {Black resigns} 1-0

[Event "ICC tourney 1953 (60 10)"]
[Site "Internet Chess Club"]
[Date "2020.08.08"]
[Round "4"]
[White "olomi007"]
[Black "RajeshCS"]
[Result "1-0"]
[ICCResult "Black resigns"]
[WhiteElo "2664"]
[BlackElo "2312"]
[Opening "Sicilian: Taimanov variation"]
[ECO "B49"]
[NIC "SI.40"]
[Time "12:07:23"]
[TimeControl "3600+10"]

1. e4 c5 2. Nf3 e6 3. d4 cxd4 4. Nxd4 Nc6 5. Nc3 Qc7 6. Be3 a6 7. Be2 Nf6 8.
O-O Be7 9. f4 d6 10. Qe1 Nxd4 11. Bxd4 e5 12. fxe5 dxe5 13. Qg3 Bc5 14. Bxc5
Qxc5+ 15. Kh1 Kf8 16. Nd5 Nd7 17. Bg4 h5 18. Bxd7 Bxd7 19. Rxf7+ Kxf7 20.
Rf1+ Ke8 21. Qxg7 Rf8 22. Rxf8+ {Black resigns} 1-0

[Event "ICC tourney 1953 (60 10)"]
[Site "Internet Chess Club"]
[Date "2020.08.08"]
[Round "4"]
[White "josechess99"]
[Black "funplaychess"]
[Result "1/2-1/2"]
[ICCResult "Game drawn by repetition"]
[WhiteElo "2637"]
[BlackElo "2374"]
[Opening "Ruy Lopez: Berlin defense"]
[ECO "C65"]
[NIC "RL.07"]
[Time "12:07:45"]
[TimeControl "3600+10"]

1. e4 e5 2. Nf3 Nc6 3. Bb5 Nf6 4. d3 Bc5 5. c3 O-O 6. O-O Re8 7. Nbd2 a6 8.
Ba4 b5 9. Bc2 Bf8 10. d4 d6 11. a4 Rb8 12. d5 Ne7 13. c4 c5 14. axb5 axb5
15. cxb5 Bd7 16. Bd3 Nexd5 17. Nxe5 dxe5 18. exd5 Bxb5 19. Bxb5 Rxb5 20. Nc4
Qxd5 21. Qc2 Qe4 22. Qxe4 Nxe4 23. Re1 Nd6 24. Rxe5 Rbb8 25. Rxe8 Rxe8 26.
Ne3 Nf5 27. Kf1 Nxe3+ 28. Bxe3 Rb8 29. Ra2 f6 30. Ke2 Kf7 31. Kd3 Ke6 32.
Kc2 Rb7 33. g4 Bd6 34. h3 Kd5 35. Ra4 c4 36. Ra5+ Ke4 37. Ra4 Kd5 38. Ra5+
Ke4 39. Ra4 Kd5 40. Ra5+ Ke4 41. Ra4 Kd5 42. Ra5+ Ke4 43. Ra4 Kd5 44. Ra5+
{Game drawn by repetition}
1/2-1/2

[Event "ICC tourney 1953 (60 10)"]
[Site "Internet Chess Club"]
[Date "2020.08.08"]
[Round "4"]
[White "Rafael"]
[Black "phoenix10q72"]
[Result "0-1"]
[ICCResult "White resigns"]
[WhiteElo "2187"]
[BlackElo "2280"]
[Opening "Queen's pawn game"]
[ECO "A46"]
[NIC "QP.06"]
[Time "12:09:52"]
[TimeControl "3600+10"]

1. d4 Nf6 2. Nf3 c5 3. c3 e6 4. Nbd2 b6 5. e4 Bb7 6. Bd3 Be7 7. O-O d6 8.
Re1 Nbd7 9. Nf1 d5 10. e5 Ne4 11. Bxe4 dxe4 12. N3d2 f5 13. Ne3 cxd4 14.
cxd4 Nb8 15. Qb3 Qd7 16. Ndf1 O-O 17. g3 Nc6 18. Nc2 Na5 19. Qc3 Rac8 20.
Qd2 g5 21. Qd1 Rf7 22. Nce3 Nc6 23. Nc2 Nxe5 24. dxe5 Qxd1 25. Rxd1 Rxc2 26.
Rd7 Bc5 27. Rd2 Rxd2 28. Bxd2 f4 29. g4 Rd7 30. Re1 Rd3 31. Bc3 a5 32. Re2
Rh3 33. Rd2 Bd5 34. a3 a4 35. Bb4 Rh4 36. h3 Rxh3 37. Nh2 e3 {White resigns}
0-1

[Event "ICC tourney 1953 (60 10)"]
[Site "Internet Chess Club"]
[Date "2020.08.08"]
[Round "4"]
[White "chessmagic22"]
[Black "Ajitesh20091"]
[Result "0-1"]
[ICCResult "White resigns"]
[WhiteElo "2111"]
[BlackElo "1875"]
[Opening "Giuoco Piano"]
[ECO "C54"]
[NIC "IG.02"]
[Time "12:08:56"]
[TimeControl "3600+10"]

1. e4 e5 2. Nf3 Nc6 3. Bc4 Bc5 4. c3 Nf6 5. d3 d6 6. Bb3 O-O 7. O-O Bg4 8.
h3 Bh5 9. Nbd2 Re8 10. Re1 a5 11. Nf1 h6 12. Ng3 Bg6 13. Bc2 d5 14. Qe2 Nh5
15. Nxh5 dxe4 16. dxe4 Bxh5 17. Qb5 Qd6 18. Nh4 b6 19. Nf5 Qe6 20. Be3 Bxe3
21. Rxe3 Rad8 22. Rg3 g5 23. h4 Qf6 24. Bb3 Ne7 25. Nxh6+ Qxh6 26. Rxg5+ Bg6
27. Qxe5 Qxh4 28. g3 Qh6 29. Qf4 Qh7 30. Kg2 Qg7 31. Ba4 Bxe4+ 32. f3 Ng6
33. Qc1 Bxf3+ 34. Kxf3 Rd3+ 35. Kg2 Re2+ 36. Kg1 Qh7 {White resigns} 0-1

[Event "ICC tourney 1953 (60 10)"]
[Site "Internet Chess Club"]
[Date "2020.08.08"]
[Round "4"]
[White "AZTAC"]
[Black "jasonm04"]
[Result "0-1"]
[ICCResult "White resigns"]
[WhiteElo "2167"]
[BlackElo "2317"]
[Opening "Ruy Lopez: modern Steinitz defense"]
[ECO "C71"]
[NIC "RL.10"]
[Time "12:07:40"]
[TimeControl "3600+10"]

1. e4 e5 2. Nf3 Nc6 3. Bb5 a6 4. Ba4 d6 5. h3 g6 6. Bxc6+ bxc6 7. d4 f6 8.
O-O Ne7 9. b3 Bg7 10. Bb2 O-O 11. Nbd2 Qe8 12. Qe2 h6 13. Rae1 g5 14. Nh2
Ng6 15. Qc4+ Kh7 16. d5 c5 17. b4 Rb8 18. Bc3 Bd7 19. Qxa6 cxb4 20. Ba1 Bb5
21. Qa5 Bxf1 22. Nhxf1 Qb5 23. Qxc7 Rfc8 24. Qxd6 Rb6 25. a4 Qxf1+ 26. Nxf1
Rxd6 27. Ne3 Ra6 28. Nf5 Bf8 29. Rd1 Rxa4 30. d6 Rd8 {White resigns} 0-1

[Event "ICC tourney 1953 (60 10)"]
[Site "Internet Chess Club"]
[Date "2020.08.08"]
[Round "4"]
[White "JosephLevine"]
[Black "fredericton"]
[Result "1-0"]
[ICCResult "Black resigns"]
[WhiteElo "2198"]
[BlackElo "2196"]
[Opening "Giuoco Pianissimo"]
[ECO "C55"]
[NIC "IG.01"]
[Time "12:07:32"]
[TimeControl "3600+10"]

1. e4 e5 2. Nf3 Nc6 3. Bc4 Nf6 4. d3 Bc5 5. c3 d6 6. h3 Be6 7. Bxe6 fxe6 8.
b4 Bb6 9. a4 a6 10. a5 Ba7 11. Qb3 Qd7 12. b5 axb5 13. Qxb5 O-O 14. O-O Ne7
15. Qxd7 Nxd7 16. d4 Bb6 17. dxe5 Rxa5 18. Rxa5 Bxa5 19. exd6 cxd6 20. Ba3
Nc8 21. Rd1 Bc7 22. e5 Rf5 23. exd6 Bb6 24. Nbd2 Rd5 25. Rb1 Nxd6 26. Bxd6
Rxd6 27. Nc4 Rc6 28. Nce5 Nxe5 29. Nxe5 Bc7 30. Nxc6 bxc6 31. Rb7 Bd6 32.
Rb6 {Black resigns} 1-0

[Event "ICC tourney 1953 (60 10)"]
[Site "Internet Chess Club"]
[Date "2020.08.08"]
[Round "4"]
[White "rychessmaster1"]
[Black "LW-PE"]
[Result "1-0"]
[ICCResult "Black resigns"]
[WhiteElo "2126"]
[BlackElo "1543"]
[Opening "Pirc: classical system, 5.Be2"]
[ECO "B08"]
[NIC "PU.03"]
[Time "12:08:16"]
[TimeControl "3600+10"]

1. d4 Nf6 2. Nc3 g6 3. e4 d6 4. Nf3 Bg7 5. Be2 O-O 6. O-O c6 7. a4 a5 8. h3
Qc7 9. Be3 Na6 10. Bc4 Nb4 11. Qd2 d5 12. exd5 cxd5 13. Bb3 Bd7 14. Bf4 Qc8
15. Rfe1 Bxh3 16. gxh3 Qxh3 17. Nh2 Ng4 18. Nxd5 Nxd5 19. Bxd5 Bh6 20. Qd3
Nxf2 21. Qg3 Qxg3+ 22. Bxg3 Nh3+ 23. Kg2 Nf4+ 24. Bxf4 Bxf4 25. Rxe7 Bd6 26.
Rxb7 Rae8 27. Bc4 Re7 28. Rxe7 Bxe7 29. Ng4 Kg7 30. Re1 Bg5 31. Ne5 f5 32.
d5 Bd8 33. d6 f4 34. d7 Kf6 35. Nc6 Bc7 36. Re8 Kg7 37. Nd4 f3+ 38. Kf1 Rf6
39. Ne6+ Kf7 40. Nxc7+ {Black resigns} 1-0

[Event "ICC tourney 1953 (60 10)"]
[Site "Internet Chess Club"]
[Date "2020.08.08"]
[Round "4"]
[White "Qigongmaster"]
[Black "YKQ"]
[Result "0-1"]
[ICCResult "White resigns"]
[WhiteElo "2225"]
[BlackElo "2542"]
[Opening "Queen's pawn"]
[ECO "A40"]
[NIC "QO.17"]
[Time "12:07:27"]
[TimeControl "3600+10"]

1. d4 e6 2. Nf3 f5 3. g3 Nf6 4. Bg2 d5 5. O-O Bd6 6. b3 O-O 7. Ba3 b6 8. c4
Bb7 9. Bxd6 cxd6 10. Nc3 Ne4 11. Rc1 Nd7 12. cxd5 Nxc3 13. Rxc3 Bxd5 14. Qc1
Nf6 15. Qa3 Ne4 16. Rc2 a5 17. Rfc1 Ra7 18. Nd2 h5 19. Nxe4 fxe4 20. e3 Raf7
21. b4 h4 22. bxa5 bxa5 23. g4 h3 24. Bxh3 Qh4 25. Qxd6 Qxh3 26. Qg3 Qxg3+
27. hxg3 Kh7 28. Rb1 Kg6 29. Rb5 a4 30. Ra5 Rb7 31. Kf1 Rb4 32. Ke2 Bc4+ 33.
Ke1 Rb1+ 34. Kd2 Bd3 {White resigns} 0-1

[Event "ICC tourney 1953 (60 10)"]
[Site "Internet Chess Club"]
[Date "2020.08.08"]
[Round "4"]
[White "rjc64uk"]
[Black "AlexW2007"]
[Result "1-0"]
[ICCResult "Black resigns"]
[WhiteElo "2112"]
[BlackElo "2141"]
[Opening "Sicilian: Najdorf"]
[ECO "B90"]
[NIC "SI.14"]
[Time "12:07:29"]
[TimeControl "3600+10"]

1. e4 c5 2. Nf3 d6 3. d4 cxd4 4. Nxd4 Nf6 5. Nc3 a6 6. a4 b6 7. Be2 Bb7 8.
f3 Nbd7 9. O-O e6 10. Be3 Be7 11. Qd2 O-O 12. Rfd1 Qc7 13. Nb3 Rfd8 14. Qe1
d5 15. exd5 Nxd5 16. Nxd5 Bxd5 17. Nd4 Bf6 18. c4 Bb7 19. b4 e5 20. Qg3 Nf8
21. Nf5 Ne6 22. Qf2 Nd4 23. Nxd4 exd4 24. Bxd4 Bxd4 25. Rxd4 Rxd4 26. Qxd4
Rd8 27. Qe3 h6 28. a5 bxa5 29. Rxa5 Qc6 30. Re5 Bc8 31. b5 axb5 32. cxb5 Qd7
33. Re7 Qd6 34. Re8+ Kh7 35. Rxd8 Qxd8 36. Qd3+ Qxd3 37. Bxd3+ f5 38. Bc4
Bb7 39. Be6 Kg6 40. Kf2 Kf6 41. Bd7 f4 42. Bc6 Bxc6 43. bxc6 Ke6 44. Ke2 Kd6
45. Kd3 Kxc6 46. Ke4 Kd6 47. Kxf4 Ke6 48. h4 g6 49. g4 Kf6 50. Ke4 Ke6 51.
f4 Kd6 52. f5 {Black resigns} 1-0

[Event "ICC tourney 1953 (60 10)"]
[Site "Internet Chess Club"]
[Date "2020.08.08"]
[Round "4"]
[White "chessshrinker"]
[Black "hollyelf"]
[Result "1-0"]
[ICCResult "Black checkmated"]
[WhiteElo "2256"]
[BlackElo "2097"]
[Opening "Nimzovich-Larsen attack: classical variation"]
[ECO "A01"]
[NIC "VO.08"]
[Time "12:07:38"]
[TimeControl "3600+10"]

1. b3 d5 2. Bb2 c5 3. e3 Nc6 4. Bb5 Nf6 5. h3 e6 6. f4 Ne4 7. Nf3 Ng3 8. Rg1
a6 9. Bxc6+ bxc6 10. d3 Be7 11. Kf2 Bh4 12. Nxh4 Qxh4 13. Qf3 Ne4+ 14. Ke2
Ng3+ 15. Kd1 Rg8 16. c4 Bb7 17. Kc2 Ke7 18. Ba3 g5 19. Bxc5+ Kd7 20. Nc3
gxf4 21. exf4 Qf6 22. Na4 Rad8 23. Qf2 Kc8 24. Bd4 Qg6 25. Be5 Rde8 26. Qa7
dxc4 27. Qb8+ Kd7 28. Qc7# {Black checkmated} 1-0

[Event "ICC tourney 1953 (60 10)"]
[Site "Internet Chess Club"]
[Date "2020.08.08"]
[Round "4"]
[White "joebobpop"]
[Black "Giantsmaster"]
[Result "1/2-1/2"]
[ICCResult "Game drawn by mutual agreement"]
[WhiteElo "2253"]
[BlackElo "2105"]
[Opening "Petrov: Nimzovich attack"]
[ECO "C42"]
[NIC "RG.03"]
[Time "12:07:53"]
[TimeControl "3600+10"]

1. e4 e5 2. Nf3 Nf6 3. Nxe5 d6 4. Nf3 Nxe4 5. Nc3 Nxc3 6. dxc3 Be7 7. Be3
Nd7 8. Bd3 Nf6 9. h3 d5 10. c4 dxc4 11. Bxc4 Bf5 12. Qe2 O-O 13. Rd1 Bd6 14.
O-O Qd7 15. Ne5 Qe7 16. f4 Rae8 17. Qf2 Ne4 18. Qf3 Bxe5 19. fxe5 Bg6 20.
Bd4 b6 21. Bd5 Ng5 22. Qb3 Rd8 23. Bc4 c5 24. Bc3 Rxd1 25. Rxd1 Ne4 26. e6
Kh8 27. exf7 Bxf7 28. Bxf7 Nxc3 29. bxc3 Rxf7 30. Qxf7 Qxf7 31. Rd8+ Qg8 32.
Rxg8+ Kxg8 33. c4 Kf7 34. Kf2 Kf6 35. Ke3 Ke5 36. a3 a6 37. a4 Kf5 38. Kf3
Ke5 39. Ke3 h5 40. g3 Kf5 41. Kf3 a5 42. c3 g5 43. g4+ hxg4+ 44. hxg4+ Ke5
45. Ke3 Kd6 {Game drawn by mutual agreement} 1/2-1/2

[Event "ICC tourney 1953 (60 10)"]
[Site "Internet Chess Club"]
[Date "2020.08.08"]
[Round "4"]
[White "edmehu"]
[Black "Segev"]
[Result "1-0"]
[ICCResult "Black resigns"]
[WhiteElo "2279"]
[BlackElo "2143"]
[Opening "Sicilian: Najdorf, Zagreb (fianchetto) variation"]
[ECO "B91"]
[NIC "SI.14"]
[Time "12:07:29"]
[TimeControl "3600+10"]

1. e4 c5 2. Nf3 d6 3. d4 cxd4 4. Nxd4 Nf6 5. Nc3 a6 6. g3 e5 7. Nde2 Nbd7 8.
Bg2 b5 9. a3 Nc5 10. Bg5 h6 11. Bxf6 Qxf6 12. Nd5 Qd8 13. O-O Na4 14. b3 Nb6
15. Nec3 Bb7 16. f4 Nxd5 17. Nxd5 Be7 18. fxe5 dxe5 19. Qh5 Bxd5 20. exd5
O-O 21. d6 Bxd6 22. Bxa8 Bc5+ 23. Kg2 Qxa8+ 24. Kh3 Bd4 25. Rae1 g6 26. Qg4
Qc6 27. Qe4 Qd6 28. g4 Qxa3 29. Rf6 Kg7 30. Ref1 Qa5 31. Rxg6+ fxg6 32. Qb7+
Kg8 33. Qd5+ Kg7 34. Qd7+ {Black resigns} 1-0